 Dungeon Crawl Stone Soup version 0.20.0-15-g7f486f2 (webtiles) character file.

582 miragecloak the Insei (level 7, -6/45 HPs)
             Began as an Octopode Transmuter on June 14, 2017.
             Was a Follower of Ashenzari.
             Shot with an arrow by a centaur (15 damage)
             ... on level 5 of the Dungeon.
             The game lasted 00:06:53 (5999 turns).

miragecloak the Insei (Octopode Transmuter)         Turns: 5999, Time: 00:06:53

Health: -6/45      AC:  2    Str:  9    XL:     7   Next: 36%
Magic:  7/10       EV: 20    Int: 16    God:    Ashenzari [*.....]
Gold:   233        SH:  0    Dex: 19    Spells: 2/10 levels left

rFire    . . .     SeeInvis .     - Unarmed
rCold    . . .     Gourm    .   (shield currently unavailable)
rNeg     . . .     Faith    .   (helmet currently unavailable)
rPois    x         Spirit   .   (no amulet)
rElec    .         Reflect  .   (no ring)
rCorr    .         Harm     .   (no ring)
MR       .....                  (no ring)
Stlth    ++........             (no ring)
Regen    0.2/turn               (no ring)
MPRegen  0.2/turn               (no ring)
                                (no ring)
                                (no ring)

@: spider-form
A: almost no armour, stealthy swim, (amphibious), 8 rings, (constrict 8)
a: End Transformation, Curse Item, Scrying, Renounce Religion


You were on level 5 of the Dungeon.
You worshipped Ashenzari.
Ashenzari was aware of your devotion.
You were not hungry.
You were a venomous arachnid creature.
You visited 1 branch of the dungeon, and saw 5 of its levels.

You collected 233 gold pieces.

Inventory:

Missiles
 a - 96 arrows
Wands
 o - a wand of random effects (15/48)
Scrolls
 e - a scroll of remove curse
 f - 4 scrolls of enchant armour {unknown}
 g - 2 scrolls of amnesia {unknown}
 i - a scroll of fear {unknown}
 j - 3 scrolls of identify {unknown}
 k - a scroll of magic mapping {unknown}
 n - 2 scrolls of noise {unknown}
 t - a scroll of recharging {unknown}
 u - a scroll of random uselessness {unknown}
Potions
 h - 3 potions of haste {unknown}
 l - a potion of degeneration {unknown}
 p - a potion of resistance {unknown}
 r - a potion of curing {unknown}
 s - a potion of experience {unknown}
 v - a potion of lignification {unknown}
Books
 b - a book of Changes

   Spells                             Type                      Level
   a - Beastly Appendage              Transmutation                1
   b - Sticks to Snakes               Transmutation                2
   c - Spider Form                    Transmutation/Poison         3
   d - Ice Form                       Ice/Transmutation            4
   e - Blade Hands                    Transmutation                5
 q - a book of Misfortune

   Spells                             Type                      Level
   a - Confusing Touch                Hexes                        1
   b - Confuse                        Hexes                        3
   c - Gell's Gravitas                Translocation                3
   d - Petrify                        Transmutation/Earth          4
   e - Metabolic Englaciation         Hexes/Ice                    5
   f - Yara's Violent Unravelling     Hexes/Transmutation          5
Comestibles
 c - 5 bread rations
 d - 3 meat rations
 m - 3 fruits
 w - 3 chunks of flesh


   Skills:
 - Level 2.0 Fighting
 - Level 2.0 Dodging
 - Level 6.0 Unarmed Combat
 - Level 2.0 Spellcasting
 - Level 4.1 Transmutations
 + Level 2.1 Ice Magic
 - Level 3.1 Poison Magic


You had 2 spell levels left.
You knew the following spells:

 Your Spells              Type           Power        Failure   Level  Hunger
a - Beastly Appendage     Tmut           ##....       12%         1    #......
b - Spider Form           Tmut/Pois      ##........   32%         3    ###....
c - Ice Form              Ice/Tmut       ##......     71%         4    #####..


Dungeon Overview and Level Annotations

Branches:
Dungeon (5/15)
 Temple: D:4-7

Altars:
Ashenzari
Dithmenos
Elyvilon
Hepliaklqana
Okawaru
Qazlal
Sif Muna
Trog
Uskayaw
Vehumet
Xom

Annotations:
D:2 1 runed door
D:3 Nattefrost's ghost, amateur HuHu


Innate Abilities, Weirdness & Mutations

You cannot wear most types of armour.
You are very stealthy in the water. (Stealth+)
((You are amphibious.))
You can wear up to eight rings at the same time.
((You can use your tentacles to constrict eight enemies at once.))
((Your skin changes colour to match your surroundings (Stealth+).))
((Your rubbery body absorbs attacks. (AC +1, EV +1)))


Message History

You butcher the orc corpse.
w - 3 chunks of flesh
There is a large open door here.
Things that are here:
an uncursed leather armour; an uncursed hand axe A centaur comes into view.
The centaur shouts!
The centaur wields a shortbow.
The centaur shoots an arrow.
The arrow hits you!
The centaur shoots an arrow.
The arrow hits you!
You see here 2 arrows.
The centaur shoots an arrow.
The arrow hits you!
* * * LOW HITPOINT WARNING * * *
There is a large open door, spattered with blood here.
Things that are here:
an arrow; an uncursed leather armour; an uncursed hand axe
Casting: Spider Form
Confirm with . or Enter, or press ? or * to list all spells.
You turn into a venomous arachnid creature.
The centaur shoots an arrow.
The arrow hits you!
You die...

≈≈≈≈≈≈.##.≈≈≈≈≈ #.#.###.......
≈≈Zo≈≈....≈≈≈≈≈≈ #.#...........
≈≈≈≈≈≈≈..≈≈≈≈≈≈≈ #.#...........
≈≈≈≈≈≈≈..≈≈≈≈≈≈≈ #.#...........
≈≈≈≈o≈≈..≈≈≈≈≈≈≈##.#..##.......
#≈≈≈c≈≈..≈≈≈≈≈≈##......#.......
##≈≈≈≈≈..≈≈≈≈≈##..###..#.......
##≈≈≈≈..≈≈≈≈##..## ##.#.#.####
##≈≈≈.(≈≈≈##s.## #.....#
####'(####..## #.#.###
#..c..c.## #..... #########
#....... #......... #..>......
#.#....... #.........


You could see a centaur.

Vanquished Creatures
  Sigmund (D:3)
  A phantom (D:5)
  A scorpion (D:5)
  2 jellies (D:2)
  Ijyb (D:3)
  A worker ant (D:5)
  A worker ant zombie (D:3)
  9 adders
  An ooze (D:3)
  An adder skeleton (D:3)
  2 adder zombies (D:5)
  4 worms
  A dart slug (D:2)
  A leopard gecko (D:2)
  7 orcs
  7 hobgoblins
  An iguana (D:2)
  2 jackals (D:2)
  7 kobolds
  2 quokkas
  A ball python (D:4)
  5 bats
  7 frilled lizards
  A giant cockroach zombie (D:3)
  5 goblins
  2 jackal skeletons
  2 quokka zombies (D:3)
  15 rats
91 creatures vanquished.

Notes
Turn   | Place    | Note
-------+----------+-------------------------------------------
     0 | D:1      | miragecloak the Octopode Transmuter began the quest for the Orb.
     0 | D:1      | Reached XP level 1. HP: 13/13 MP: 3/3
   400 | D:1      | Reached XP level 2. HP: 15/18 MP: 5/5
  1268 | D:2      | Reached XP level 3. HP: 16/23 MP: 6/6
  1463 | D:2      | Learned a level 3 spell: Spider Form
  1515 | D:2      | Reached skill level 1 in Poison Magic
  1515 | D:2      | Reached XP level 4. HP: 14/28 MP: 4/7
  1858 | D:2      | Found a shimmering altar of Xom.
  2128 | D:2      | Found a shattered altar of Ashenzari.
  2145 | D:2      | Became a worshipper of Ashenzari the Shackled
  2334 | D:2      | Reached XP level 5. HP: 32/33 MP: 4/8
  2523 | D:2      | Found a runed door.
  3048 | D:3      | Found a hide-covered altar of Uskayaw.
  3096 | D:3      | Found a deep blue altar of Sif Muna.
  3274 | D:3      | Noticed Sigmund
  3285 | D:3      | Killed Sigmund
  3285 | D:3      | Reached skill level 5 in Unarmed Combat
  3285 | D:3      | Reached XP level 6. HP: 28/38 MP: 5/9
  3338 | D:3      | Noticed Nattefrost's ghost (amateur HuHu)
  3941 | D:3      | Noticed Ijyb
  4135 | D:3      | Killed Ijyb
  5086 | D:4      | Noticed a phantom
  5175 | D:4      | Found a white marble altar of Elyvilon.
  5176 | D:4      | Found a radiant altar of Vehumet.
  5204 | D:4      | Found a shadowy altar of Dithmenos.
  5208 | D:4      | Found a stormy altar of Qazlal.
  5286 | D:4      | Found a bloodstained altar of Trog.
  5380 | D:3      | Learned a level 4 spell: Ice Form
  5424 | D:5      | Entered Level 5 of the Dungeon
  5443 | D:5      | Reached * piety under Ashenzari
  5590 | D:5      | Found an iron altar of Okawaru.
  5595 | D:5      | Found a hazy altar of Hepliaklqana.
  5614 | D:5      | Reached XP level 7. HP: 45/45 MP: 7/10
  5617 | D:5      | Reached skill level 6 in Unarmed Combat
  5999 | D:5      | Shot with an arrow by a centaur

Skill      XL: |  1  2  3  4  5  6  7 |
---------------+----------------------+-----
Transmutations | 3 4 |  4.1
Poison Magic   | 1 3 |  3.1
Unarmed Combat | 5 6 |  6.0
Fighting       | 2 |  2.0
Ice Magic      | 2 |  2.1
Dodging        | |  2.0
Spellcasting   | |  2.0

Action                   |  1- 3 |  4- 6 |  7- 9 || total
-------------------------+-------+-------+-------++-------
Melee: Unarmed           |    61 |   179 |    29 ||   269
       Constrict         |    12 |     4 |       ||    16
       Kick              |     2 |       |       ||     2
       Tentacles         |     9 |     2 |       ||    11
       Punch             |       |     1 |       ||     1
 Cast: Beastly Appendage |     8 |       |       ||     8
       Spider Form       |     2 |    38 |     6 ||    46
 Stab: Sleeping          |    11 |       |       ||    11
  Eat: Chunk             |     2 |    19 |       ||    21
       Bread ration      |       |       |     1 ||     1
Armor: Skin              |     2 |    19 |       ||    21
Dodge: Dodged            |    33 |   139 |    14 ||   186
